 Dungeon Crawl Stone Soup version 0.31-a0-210-gccc998df9b (webtiles) character file.

Game seed: 5087042346139309085

83484 Anon1729 the Spry (level 15, -3/121 HPs)
             Began as a Demonspawn Gladiator on June 29, 2023.
             Was a Believer of Uskayaw.
             Succumbed to Nessos's poison
             ... on level 14 of the Dungeon.
             The game lasted 00:22:39 (21479 turns).

Anon1729 the Spry (Demonspawn Gladiator)           Turns: 21479, Time: 00:22:40

Health: -3/121     AC: 13    Str: 13    XL:     15   Next: 32%
Magic:  28/28      EV: 32    Int:  9    God:    Uskayaw [**....]
Gold:   97         SH:  0    Dex: 30    Spells: 14/14 levels left

rFire   . . .        R - +3 dagger (elec)
rCold   + . .        (no shield)
rNeg    . . .        P - +0 acid dragon scales
rPois   +            (helmet unavailable)
rElec   .            C - +1 cloak of Starlight {*Dazzle EV+4 Stlth--}
rCorr   +            (no gloves)
SInv    +            (no boots)
Will    +....        (no amulet) Stlth
                     V - ring of see invisible
HPRegen 0.40/turn    s - ring "Muurph" {rPois rC+ Int+2}
MPRegen 0.42/turn

%: no passive effects
@: lethally poisoned (-3 -> -27)
A: horns 3, yellow scales 1, powered by death 2, magic regeneration, agile 2,
high MP 1, passive freeze
a: Renounce Religion, Stomp, Line Pass


You were on level 14 of the Dungeon.
You worshipped Uskayaw.
Uskayaw was pleased with you.
You visited 4 branches of the dungeon, and saw 22 of its levels.
You visited the Abyss 1 time.
You also visited: Sewer and Volcano.

You collected 1607 gold pieces.
You spent 1510 gold pieces at shops.

Inventory:

Hand Weapons
 c - the +27 heavy crossbow "Sniper" {heavy, Acc+∞ SInv}
   (You found it on level 5 of the Lair of Beasts)

   Acc+∞: It never misses its target.
   SInv:      It lets you see invisible.
 R - a +3 dagger of electrocution (weapon)
Missiles
 d - 4 throwing nets
 e - 15 javelins (quivered)
 M - 5 silver javelins
Armour
 g - a +1 plate armour of fire resistance
 n - the +2 pair of boots "Ylyheinef" {-Tele rElec Regen+}
   (You found it in a volcano)

   rElec:     It insulates you from electricity.
   -Tele:     It prevents most forms of teleportation.
   Regen:     It increases your rate of health regeneration.
 C - the +1 cloak of Starlight (worn) {*Dazzle EV+4 Stlth--}
   (You bought it in a shop on level 2 of the Orcish Mines)

   *Dazzle:   It may blind those who miss an attack against the wearer in melee
   combat.
   EV:        It affects your evasion (+4).
   Stlth:     It makes you much less stealthy.
 P - +0 acid dragon scales (worn)
 Q - a scarf of resistance
 T - a +2 cloak
Jewellery
 s - the ring "Muurph" (right hand) {rPois rC+ Int+2}
   (You bought it in a shop on level 12 of the Dungeon)

   [ring of protection from cold]

   Int:       It affects your intelligence (+2).
   rC:        It protects you from cold.
   rPois:     It protects you from poison.
 z - a +4 ring of slaying
 A - a +6 ring of dexterity
 G - a +6 ring of intelligence
 V - a ring of see invisible (left hand)
 Z - a +6 ring of dexterity
Wands
 w - a wand of acid (42)
 x - a wand of polymorph (31)
 y - a wand of iceblast (17)
 F - a wand of flame (23)
 H - a wand of mindburst (22)
 N - a wand of charming (3)
 Y - a wand of digging (7)
Scrolls
 f - 3 scrolls of teleportation
 h - 6 scrolls of blinking
 j - 2 scrolls of poison
 k - 5 scrolls of amnesia
 o - 2 scrolls of brand weapon
 p - 5 scrolls of fear
 q - 4 scrolls of enchant armour
 r - 4 scrolls of fog
 t - a scroll of vulnerability
 u - 2 scrolls of silence
 v - 4 scrolls of immolation
 I - a scroll of identify
 X - 4 scrolls of revelation
Potions
 a - a potion of enlightenment
 b - a potion of attraction {unknown}
 i - 5 potions of might
 l - 6 potions of mutation
 m - a potion of degeneration {unknown}
 B - 3 potions of ambrosia {unknown}
 D - a potion of invisibility
 J - 2 potions of cancellation {unknown}
 K - a potion of berserk rage {unknown}
 L - a potion of resistance {unknown}
 O - 3 potions of brilliance {unknown}
 U - a potion of lignification {unknown}
Miscellaneous
 S - a phantom mirror


   Skills:
 + Level 12.2 Fighting
 + Level 11.4 Short Blades
 + Level 2.7 Ranged Weapons
 - Level 1.8 Throwing
 + Level 10.8 Armour
 * Level 16.0 Dodging
 + Level 15.0 Invocations


You had 14 spell levels left.
You didn't know any spells.
Your spell library contained the following spells:

 Spells                   Type           Power      Damage    Failure   Level
 Apportation              Tloc           0%         N/A       47%         1
 Sting                    Tmut/Pois      0%         1d3       47%         1
 Lesser Beckoning         Tloc           0%         N/A       63%         2
 Poisonous Vapours        Pois/Air       0%         N/A       63%         2
 Gell's Gravitas          Tloc           0%         N/A       85%         3
 Hailstorm                Conj/Ice       0%         3d3       85%         3
 Ignite Poison            Fire/Tmut/Pois 0%         N/A       85%         3
 Inner Flame              Hex/Fire       0%         N/A       85%         3
 Teleport Other           Tloc           0%         N/A       85%         3
 Ice Form                 Ice/Tmut       0%         N/A       99%         4
 Olgreb's Toxic Radiance  Pois           0%         N/A       99%         4
 Sticky Flame             Conj/Fire      0%         2d3       99%         4
 Alistair's Intoxication  Tmut/Pois      0%         N/A       100%        5
 Yara's Violent Unravell  Hex/Tmut       0%         3d3       100%        5
 Simulacrum               Ice/Necr       0%         N/A       100%        6
 Enfeeble                 Hex            0%         N/A       100%        7
 Discord                  Hex            0%         N/A       100%        8
 Ignition                 Fire           0%         3d3       100%        8


Dungeon Overview and Level Annotations

Branches:
Dungeon (14/15)            Temple (1/1) D:5            Lair (5/5) D:10
 Shoals (0/4) Lair:2       Spider (0/4) Lair:3        Slime (0/5) Lair:4
    Orc (2/2) D:11            Elf (0/3) Orc:2         Sewer (visited)
Volcano (visited)
 Vaults: D:13-14

Altars:
Ashenzari
Cheibriados
Dithmenos
Gozag
Hepliaklqana
Kikubaaqudgha
Nemelex Xobeh
Okawaru
Ru
Trog
Uskayaw
Vehumet
Wu Jian
Xom
Yredelemnul
Jiyva

Shops:
D:2 ?   D:3 *   D:4 :   D:8 *   D:12 **(   Orc:2 [:=?

Annotations:
D:7 1 runed translucent door, sastreii's ghost, novice NaAr
D:9 1 runed translucent door
D:10 exclusion: ice statue
D:11 exclusion: obsidian statue
D:14 Nessos


Innate Abilities, Weirdness & Mutations

You have a pair of large horns on your head.
You are partially covered in yellow scales. (AC +2)
You regenerate health from kills.
You regenerate magic rapidly.
You are very agile. (Dex +8, Str/Int -2)
You have an increased reservoir of magic. (+10% MP)
A frigid envelope surrounds you and freezes all who hurt you.


Message History

Nessos unwields a +1 longbow of flaming.
It stops flaming.
Nessos completely misses you. Nessos kicks you but does no damage.
Nessos hits you but does no damage. Nessos kicks you but does no damage.
Nessos is very cold.
Nessos is moderately wounded.
You barely miss Nessos. You headbutt Nessos, but do no damage.
Nessos is moderately wounded.
You feel sick. Nessos hits you but does no damage.
Nessos is very cold.
Nessos is moderately wounded.
Nessos barely misses you.
You hit Nessos but do no damage.
Nessos is moderately wounded.
You feel sick. Nessos misses you. Nessos completely misses you.
You hit Nessos. You headbutt Nessos!
Nessos is heavily wounded.
You feel sick. Nessos barely misses you. Nessos misses you.
You hit Nessos. Lightning courses through Nessos!
You headbutt Nessos, but do no damage.
Nessos is severely wounded.
You feel sick.
Nessos stands on their hind legs for a moment.
Nessos mumbles some strange words.
Nessos blinks!
Nessos wields a +1 longbow of flaming.
It bursts into flame!
Nessos shoots an arrow.
The arrow hits you!
* * * LOW HITPOINT WARNING * * *
The arrow burns you.
You are lethally poisoned!
* * * LOW HITPOINT WARNING * * *
You can now pass through a line of other dancers.
* * * LOW HITPOINT WARNING * * *
You feel extremely sick.
Nessos shoots an arrow.
The arrow completely misses you.
Nessos shoots an arrow.
The arrow completely misses you.
You see here a scroll of teleportation.
Aiming: Corrosive Bolt
Press: ? - help, Shift-Dir - straight line, f - Nessos
Aim: Nessos, wielding a +1 longbow of flaming and wearing a +0 barding (severely wounded, fast, 83% to hit)
The bolt of acid hits Nessos!
The acid corrodes Nessos!
Nessos is severely wounded.
You die...

# # #.......# #
#.......# # ##.......#
#....c...# #........#
..# #........# ..#
#........# ..#
#.@...[..#
####..#########........#
....................^..#
.....##...##.#####....##
....#.# ##.## #####
....##.###.##
.....##...## ...[.<#.>.#
.....##...#


You could see Nessos (fast, corroded).

Vanquished Creatures
  2 tentacled starspawn (Abyss:2)
  Gastronok (Lair:3)
  Donald (Orc:2)
  A stone giant (Volcano)
  Josephine (D:10)
  A great orb of eyes (Abyss:2)
  Fannar (Lair:1)
  Erolcha (Orc:2)
  3 hydras
  An ogre mage (Orc:2)
  A centaur warrior (D:13)
  A two-headed ogre (D:11)
  Erica (D:11)
  A boulder beetle (D:12)
  4 death yaks (Lair:5)
  A tengu warrior (D:12)
  Urug (D:10)
  A sixfirhy (Abyss:2)
  4 skysharks
  A wretched star (Abyss:2)
  A pharaoh ant (Lair:3)
  A goliath frog (Lair:5)
  4 lindwurms (Lair:5)
  A deep elf pyromancer (D:12)
  An orc knight (Orc:2)
  A wizard (D:14)
  An ugly thing (D:12)
  2 cyclopes
  A worldbinder (Abyss:2)
  2 manticores (D:12)
  10 orc sorcerers
  2 slime creatures (D:14)
  A merfolk siren (Lair:2)
  17 elephants
  5 black mambas
  A gargoyle (Volcano)
  A torpor snail (Lair:5)
  Psyche (D:11)
  14 cane toads
  2 rime drakes
  7 komodo dragons
  3 unseen horrors
  An efreet (Volcano)
  An ancient zyme (Abyss:2)
  4 trolls
  2 polar bears
  2 hornets
  38 blink frogs
  A raiju (Abyss:2)
  26 dream sheep
  40 yaks
  Sigmund (D:5)
  2 shadows (D:11)
  5 wraiths
  A vampire (D:13)
  3 fire elementals (Volcano)
  A ynoxinul (Abyss:2)
  4 wyverns
  Eustachio (D:4)
  2 starcursed masses (Abyss:2)
  2 spriggans (Lair:2)
  2 basilisks
  3 fire bats (Abyss:2)
  3 golden eyes (Abyss:2)
  A chaos spawn (Abyss:2)
  3 redbacks (Lair:3)
  2 steam dragons
  9 vampire mosquitoes
  3 large abominations (Abyss:2)
  4 acid dragons
  3 wargs (Orc:2)
  16 water moccasins
  4 black bears
  15 orc warriors
  9 ogres
  11 wolves
  7 centaurs
  A phantom (D:6)
  3 kobold brigands
  11 bullfrogs
  2 scorpions (D:5)
  2 earth elementals (Volcano)
  5 wights (D:7)
  5 killer bees (D:10)
  2 electric eels (Lair:5)
  13 howler monkeys
  6 hounds
  An iron imp (Abyss:2)
  18 orc priests
  A small abomination (Abyss:2)
  2 iguanas
  Jessica (D:3)
  36 orc wizards
  2 hell rats (Lair:3)
  8 gnolls
  12 adders
  14 river rats
  A white imp (D:6)
  4 ufetubi
  4 worms
  A dart slug (D:1)
  73 orcs
  6 ball pythons
  5 bats
  10 endoplasms
  2 giant cockroaches
  8 goblins
  15 hobgoblins
  6 jackals
  13 kobolds
  A quokka (D:6)
  3 frilled lizards
  11 rats
  A spectral goblin (D:3)
649 creatures vanquished.

Vanquished Creatures (others)
  An orc wizard (D:9)
  4 starspawn tentacles (Abyss:2)
5 creatures vanquished.

Grand Total: 654 creatures vanquished

Notes
Turn   | Place    | Note
-------+----------+-------------------------------------------
     0 | D:1      | Anon1729 the Demonspawn Gladiator began the quest for the
                  | Orb.
     0 | D:1      | Reached XP level 1. HP: 16/16 MP: 1/1
    55 | D:1      | Gained mutation: You have a pair of small horns on your
                  | head. [demonic ancestry]
    55 | D:1      | Reached XP level 2. HP: 22/22 MP: 2/2
   182 | D:1      | Reached skill level 1 in Invocations
   276 | D:1      | Reached skill level 3 in Dodging
   276 | D:1      | Reached XP level 3. HP: 6/28 MP: 3/3
   444 | D:1      | Found a faded altar of an unknown god.
   445 | D:1      | You fall into a shaft and drop 1 floor!
   661 | D:2      | Found Usinlami's Magic Scroll Shoppe.
   858 | D:2      | Bought a scroll of identify for 24 gold pieces
   929 | D:3      | Found Efoqar's Assorted Antiques.
   972 | D:3      | Noticed Jessica
   979 | D:3      | Reached skill level 1 in Armour
   979 | D:3      | Killed Jessica
   980 | D:3      | Gained mutation: You regenerate a little health from kills.
                  | [demonic ancestry]
   980 | D:3      | Reached XP level 4. HP: 16/34 MP: 5/5
  1874 | D:3      | Found a hazy altar of Hepliaklqana.
  2089 | D:4      | Noticed an ogre
  2314 | D:4      | Gained mutation: You have a pair of horns on your head.
                  | [demonic ancestry]
  2314 | D:4      | Reached XP level 5. HP: 40/40 MP: 6/6
  2423 | D:4      | Noticed Eustachio
  2433 | D:4      | Killed Eustachio
  2434 | D:4      | Reached XP level 6. HP: 22/47 MP: 6/8
  2870 | D:4      | Found Arraleot's Book Shoppe.
  3044 | D:4      | Reached skill level 4 in Dodging
  3250 | D:5      | Entered Level 5 of the Dungeon
  3564 | D:5      | Gained mutation: You have an increased reservoir of magic.
                  | (+10% MP) [potion of mutation]
  3564 | D:5      | Gained mutation: You are agile. (Dex +4, Str/Int -1)
                  | [potion of mutation]
  3564 | D:5      | Gained mutation: A frigid envelope surrounds you and
                  | freezes all who hurt you. [potion of mutation]
  3564 | D:5      | Gained mutation: You are very agile. (Dex +8, Str/Int -2)
                  | [potion of mutation]
  3565 | D:5      | Gained mutation: You have a pair of large horns on your
                  | head. [demonic ancestry]
  3565 | D:5      | Reached XP level 7. HP: 10/53 MP: 9/11
  3758 | D:5      | Noticed Sigmund
  3764 | D:5      | Killed Sigmund
  3880 | D:5      | Found a staircase to the Ecumenical Temple.
  3906 | Temple   | Entered the Ecumenical Temple
  3948 | Temple   | Became a worshipper of Uskayaw the Reveller
  4340 | D:5      | Reached * piety under Uskayaw
  4444 | D:5      | Reached ** piety under Uskayaw
  4550 | D:5      | Noticed a wyvern
  4554 | D:5      | Killed a wyvern
  4555 | D:5      | Reached skill level 5 in Invocations
  4555 | D:5      | Reached XP level 8. HP: 50/61 MP: 11/13
  4714 | D:6      | Reached *** piety under Uskayaw
  4717 | D:6      | Reached **** piety under Uskayaw
  4885 | D:6      | Reached skill level 5 in Fighting
  4885 | D:6      | Reached skill level 5 in Short Blades
  4885 | D:6      | Reached skill level 5 in Dodging
  5392 | D:6      | Found a glowing drain.
  5396 | Sewer    | Entered a sewer
  6320 | D:7      | Found a broken altar of Ashenzari.
  6329 | D:7      | Found a basalt altar of Yredelemnul.
  6496 | D:7      | Gained mutation: You regenerate magic rapidly. [demonic
                  | ancestry]
  6496 | D:7      | Reached XP level 9. HP: 31/68 MP: 8/15
  7636 | D:8      | Found an ancient bone altar of Kikubaaqudgha.
  7677 | D:8      | Found a snail-covered altar of Cheibriados.
  7776 | D:8      | Found Ysint's Assorted Antiques.
  7784 | D:8      | Bought a scroll labelled MUME DAUNWE for 25 gold pieces
  7784 | D:8      | Bought a scroll labelled ITZUEL QUOTYFOEN for 25 gold
                  | pieces
  7784 | D:8      | Bought a scroll labelled SUYMNAXKAZ for 25 gold pieces
  7784 | D:8      | Bought a potion of curing for 75 gold pieces
  7949 | D:3      | Bought a cloak for 94 gold pieces
  7949 | D:3      | Bought a bubbling orange potion for 18 gold pieces
  7949 | D:3      | Bought a smoky green potion for 18 gold pieces
  7949 | D:3      | Bought a black potion for 18 gold pieces
  7949 | D:3      | Bought a scroll labelled GOXISO ITUOSS for 21 gold pieces
  7949 | D:3      | Bought a scroll labelled CUUTOY WONINT for 21 gold pieces
  8083 | D:7      | Found a runed translucent door.
  8086 | D:7      | Noticed sastreii's ghost (novice NaAr)
  8570 | D:9      | Reached skill level 5 in Armour
  8747 | D:9      | Reached skill level 6 in Dodging
  8931 | D:9      | Found a runed translucent door.
  8932 | D:9      | Noticed a sixfirhy
  9512 | D:10     | Entered Level 10 of the Dungeon
  9539 | D:10     | Reached XP level 10. HP: 67/77 MP: 17/17
  9540 | D:10     | Reached ***** piety under Uskayaw
  9568 | D:10     | Found a radiant altar of Vehumet.
  9621 | D:10     | Noticed an ice statue
  9655 | D:10     | Found a bloodstained altar of Trog.
  9712 | D:10     | Noticed Josephine
  9730 | D:10     | Killed Josephine
  9730 | D:10     | HP: 3/77 [acid dragon/splash of acid (15)]
  9731 | D:10     | Reached skill level 7 in Dodging
  9986 | D:10     | Noticed Urug
  9997 | D:10     | Killed Urug
 10565 | D:10     | Found a staircase to the Lair.
 10735 | D:11     | Found a staircase to the Orcish Mines.
 10736 | D:11     | Noticed Erica
 10755 | D:11     | Reached XP level 11. HP: 22/86 MP: 20/20
 11029 | D:11     | Killed Erica
 11030 | D:11     | Reached skill level 10 in Invocations
 11033 | D:11     | Reached ****** piety under Uskayaw
 11192 | D:11     | Reached skill level 8 in Dodging
 11508 | D:11     | Noticed Psyche
 11515 | D:11     | Killed Psyche
 11589 | D:11     | Noticed a two-headed ogre
 11599 | D:11     | Killed a two-headed ogre
 11862 | D:11     | Noticed an obsidian statue
 11901 | D:11     | Identified a scroll of acquirement
 11902 | D:11     | Acquired a manual of Dodging
 12227 | D:12     | Found Jiuxzuq's Weapon Shop.
 12500 | D:12     | Noticed a deep elf pyromancer
 12507 | D:12     | Noticed a boulder beetle
 12524 | D:12     | Killed a boulder beetle
 12525 | D:12     | Reached skill level 9 in Dodging
 12534 | D:12     | Killed a deep elf pyromancer
 12670 | D:12     | Noticed a tengu warrior
 12676 | D:12     | Killed a tengu warrior
 12678 | D:12     | Reached XP level 12. HP: 77/95 MP: 22/22
 12925 | D:12     | Found Monarr's General Store.
 13092 | D:12     | Reached skill level 10 in Dodging
 13247 | D:12     | Found Yrghon's Assorted Antiques.
 13255 | D:12     | Bought a warped golden ring for 175 gold pieces
 13255 | D:12     | Identified the ring "Muurph" {rPois rC+ Int+2} (You bought
                  | it in a shop on level 12 of the Dungeon)
 13255 | D:12     | Bought a scroll labelled ZAPOATSUCIU for 35 gold pieces
 13403 | D:13     | Noticed a seven-headed hydra
 13403 | D:13     | Noticed a centaur warrior
 13403 | D:13     | Noticed a four-headed hydra
 13403 | D:13     | Noticed a centaur warrior
 13409 | D:13     | Killed a seven-headed hydra
 13410 | D:13     | Killed a centaur warrior
 13417 | D:12     | Killed a four-headed hydra
 13785 | Lair:1   | Entered Level 1 of the Lair of Beasts
 13914 | Lair:1   | Noticed Fannar
 13930 | Lair:1   | Killed Fannar
 14217 | Lair:1   | Reached skill level 11 in Dodging
 14926 | Lair:1   | Found the +8 whip "Snakebite" {venom, curare, rPois}
 15113 | Lair:2   | Found a staircase to the Shoals.
 15398 | Lair:2   | Reached skill level 10 in Fighting
 15730 | Lair:2   | Reached skill level 12 in Dodging
 16260 | Lair:3   | Noticed Gastronok
 16264 | Lair:3   | Reached XP level 13. HP: 74/103 MP: 24/24
 16290 | Lair:3   | Killed Gastronok
 16510 | Lair:3   | Found a hole to the Spider Nest.
 16876 | Lair:4   | Reached skill level 13 in Dodging
 17134 | Lair:4   | Reached skill level 10 in Short Blades
 17481 | Lair:4   | Found a viscous altar of Jiyva.
 17489 | Lair:4   | Found a staircase to the Slime Pits.
 17725 | Lair:5   | Entered Level 5 of the Lair of Beasts
 17742 | Lair:5   | Reached skill level 14 in Dodging
 17832 | Lair:5   | Gained mutation: You are partially covered in yellow
                  | scales. (AC +2) [demonic ancestry]
 17832 | Lair:5   | Reached XP level 14. HP: 93/113 MP: 26/26
 18015 | Lair:5   | Reached skill level 10 in Armour
 18068 | Lair:5   | Reached skill level 15 in Dodging
 18829 | Lair:5   | Found the +27 heavy crossbow "Sniper" {heavy, Acc+∞ SInv}
 18850 | Lair:5   | Identified the +9 quarterstaff "Rievocogh" {speed, rCorr}
 19068 | Orc:1    | Entered Level 1 of the Orcish Mines
 19335 | Orc:1    | Found a dark tunnel.
 19347 | Volcano  | Entered a volcano
 19367 | Volcano  | Noticed a stone giant
 19378 | Volcano  | Killed a stone giant
 19383 | Volcano  | Identified the +2 pair of boots "Ylyheinef" {-Tele rElec
                  | Regen+}
 19779 | Orc:2    | Entered Level 2 of the Orcish Mines
 19780 | Orc:2    | Noticed Donald
 19800 | Orc:2    | Killed Donald
 19801 | Orc:2    | Reached skill level 1 in Ranged Weapons
 19844 | Orc:2    | Found a staircase to the Elven Halls.
 20162 | Orc:2    | Found Tiegung's Antique Armour Boutique.
 20178 | Orc:2    | Bought the +1 cloak of Starlight {*Dazzle EV+4 Stlth--} for
                  | 884 gold pieces
 20178 | Orc:2    | Found the +1 cloak of Starlight {*Dazzle EV+4 Stlth--}
 20201 | Orc:2    | Found a radiant altar of Vehumet.
 20201 | Orc:2    | Noticed Erolcha
 20218 | Orc:2    | Gained mutation: You regenerate health from kills. [demonic
                  | ancestry]
 20218 | Orc:2    | Reached XP level 15. HP: 120/120 MP: 28/28
 20225 | Orc:2    | Killed Erolcha
 20264 | Orc:2    | Found an ancient bone altar of Kikubaaqudgha.
 20282 | Orc:2    | Found Gottolyops's Magic Scroll Shop.
 20301 | Orc:2    | Bought a scroll of fog for 52 gold pieces
 20500 | Orc:2    | Found Xuneuc's Book Shop.
 20529 | Orc:2    | Found Xogurats's Jewellery Boutique.
 20752 | D:14     | Found a gate leading to a gauntlet.
 20752 | Abyss:2  | Cast into level 2 of the Abyss (a wizard)
 20863 | Abyss:2  | Noticed an ancient lich
 21152 | Abyss:2  | Paralysed by a great orb of eyes for 2 turns
 21300 | Abyss:2  | Noticed a tentacled starspawn
 21308 | Abyss:2  | Killed a tentacled starspawn
 21309 | Abyss:2  | Reached skill level 15 in Invocations
 21356 | Abyss:2  | Noticed a tentacled starspawn
 21370 | Abyss:2  | Killed a tentacled starspawn
 21391 | Abyss:2  | Reached skill level 16 in Dodging
 21393 | D:14     | Escaped the Abyss
 21460 | D:14     | Noticed Nessos
 21478 | D:14     | HP: 2/121 [poisoned by Nessos]
 21479 | D:14     | Succumbed to Nessos's poison

Illustrated notes

Levels and vault maps discovered:
D:1:      onia_arrival_handbag, layout_rooms,
          dreamdust_ecumenical_altar_hidden_monk_grotto
D:2:      layout_rooms, serial_shops, nicolae_shop_advertising_works
          [nicolae_subvault_shop_adworks], minmay_pentomino_o4
D:3:      layout_loops_corners, nicolae_hepliaklqana_monster_ancestors,
          serial_shops, nicolae_shop_pleasant_corner_grove, uniq_jessica
D:4:      layout_basic, serial_shops, nicolae_book_shop_shelving, uniq_eustachio
D:5:      layout_basic, minmay_temple_entry_offerings, serial_aquarium,
          aquarium_bridge_straight [aquarium_subvault_bridge,
          aquarium_subvault_wall, aquarium_subvault_bridge,
          aquarium_subvault_window], aquarium_window_1, aquarium_window_3,
          aquarium_window_fake, aquarium_view_4, aquarium_balcony_5a,
          aquarium_pool_side, uniq_sigmund
D:6:      layout_cave_pools, gup_sewer_entry_bowl, corexii_shack,
          grunt_decor_resistance
D:7:      layout_loops_ring, minmay_overflow_temple_star_quad,
          ebering_ghost_reflecting_pool
D:8:      layout_layer_cave, mainiacjoe_overflow_surrounded_room,
          lemuel_tele_altar, serial_shops, shop, lightli_bailey_entry_fortress
D:9:      cheibrodos_shockbox, layout_gridville
D:10:     layout_basic, nicolae_vehumet_altar_sigil, trog_antimagical,
          grunt_lair_entry_orc_guard_hut, minivault_16, nicolae_water_bricks,
          uniq_urug, uniq_josephine
D:11:     layout_gridville, orc_david_3, minivault_15, uniq_psyche, uniq_erica
D:12:     layout_cave_pods, serial_shops, shop, shop_fountains,
          nicolae_shop_tiny_real_fake_doors
D:13:     minmay_connected_triangles_in_corner, layout_basic,
          nrook_mini_backslash, minmay_misc_feat_four_crosses,
          grunt_ministairs_11
D:14:     layout_small_grid, david_vaults_2, serial_shops, kennysheep_mini,
          infiniplex_staircase_x, gauntlet_entry_generic,
          hangedman_abyss_or_decor_clamps, drop_trap, kennysheep_generic_room_2,
          uniq_nessos, uniq_rupert
Temple:   compressed_dpeg_circular_temple
Lair:1:   minmay_guarded_unrand_snakebite, layout_regular_city, uniq_fannar
Lair:2:   layout_roguey, minmay_shoals_entry_lonely_mermaid,
          serial_bayou_pond_d, forest_entry_grove
Lair:3:   layout_cave_shapes, nicolae_spider_entry_lesser_pyramids,
          kennysheep_rathole, uniq_gastronok
Lair:4:   layout_roguey, dpeg_slime_entry_corner
Lair:5:   minmay_lair_end_frog_pond, layout_big_grid, minmay_lindwurm_lava
Orc:1:    layout_caves, lightli_volcano_entry_magma_tube, uniq_snorg
Orc:2:    kennysheep_orc_mage_school, layout_caves, uniq_donald

Skill      XL: |  1  2  3  4  5  6  7  8  9 10 11 12 13 14 15 |
---------------+----------------------------------------------+-----
Invocations    | 1 2 3 4 5 6 8 9 11 12 13 14 15 | 15.0
Short Blades   | 3 4 5 6 7 8 9 10 11 | 11.4
Dodging        | 3 4 5 6 7 9 12 14 15 16 | 16.0
Armour         | 1 2 3 4 5 6 7 8 9 10 | 10.8
Fighting       | 3 4 5 6 7 9 10 11 12 | 12.2
Ranged Weapons | 1 2 |  2.7
Throwing       | |  1.8

Action                     |  1- 3 |  4- 6 |  7- 9 | 10-12 | 13-15 || total
---------------------------+-------+-------+-------+-------+-------++-------
  Melee: Rapier            |    91 |   142 |    51 |       |       ||   284
         Punch             |     2 |       |     2 |     8 |     7 ||    19
         Headbutt          |    12 |    22 |    70 |   132 |   246 ||   482
         Dagger            |       |       |   208 |   494 |   835 ||  1537
  Throw: Javelin           |       |     1 |       |       |       ||     1
 Invoke: Line Pass         |       |       |     3 |     2 |     5 ||    10
         Stomp             |       |       |     1 |     2 |       ||     3
         Grand Finale      |       |       |       |     1 |     1 ||     2
  Evoke: Wand              |       |       |     2 |       |     1 ||     3
         Phantom mirror    |       |       |       |     1 |       ||     1
    Use: Potion            |       |     1 |     3 |     1 |     9 ||    14
         Scroll            |       |       |       |    17 |     3 ||    20
   Stab: Sleeping          |     2 |     4 |     4 |     3 |     1 ||    14
         Paralysed         |       |       |    11 |    55 |    93 ||   159
         Distracted        |       |       |     1 |     2 |       ||     3
         Confused          |       |       |       |     2 |     5 ||     7
         Invisible         |       |       |       |       |     4 ||     4
 Armour: Leather armour    |    30 |    25 |    21 |       |       ||    76
         Acid dragon scale |       |       |     7 |    59 |    87 ||   153
  Dodge: Dodged            |    64 |    98 |   186 |   356 |   655 ||  1359

Table legend: (Time is in decaauts)
 A = Elapsed time spent in this place.
 B = Non-inter-level travel time spent in this place.
 C = Inter-level travel time spent in this place.
 D = Time resting spent in this place.
 E = Time spent auto-exploring this place.
 F = Levels seen in this place.
 G = Mean time per level.
                   A        B        C        D        E       F      G
               +--------+--------+--------+--------+--------+-----+--------+
         Total |  20969 |  19568 |   1401 |   2123 |  14094 |  25 |  838.8 |
       Dungeon |  13475 |  12397 |   1078 |   1811 |   8885 |  14 |  962.5 |
        Temple |     59 |     42 |     17 |      0 |     24 |   1 |   59.0 |
          Lair |   4954 |   4700 |    254 |    227 |   3699 |   5 |  990.8 |
  Orcish Mines |   1139 |   1088 |     51 |      0 |    816 |   2 |  569.5 |
         Abyss |    562 |    562 |      0 |     84 |    106 |   1 |  562.0 |
         Sewer |    425 |    425 |      0 |      0 |    302 |   1 |  425.0 |
       Volcano |    351 |    351 |      0 |      0 |    262 |   1 |  351.0 |
               +--------+--------+--------+--------+--------+-----+--------+

Top non-repeatable levels by time:
    D:10: 1557 daAuts
    D:12: 1555 daAuts
     D:5: 1458 daAuts
     D:7: 1335 daAuts
  Lair:1: 1280 daAuts
     D:8: 1228 daAuts
     D:3: 1172 daAuts
    D:11: 1155 daAuts
     D:4: 1121 daAuts
  Lair:5: 1085 daAuts
     D:9: 957 daAuts
  Lair:3: 912 daAuts
  Lair:4: 883 daAuts
   Orc:2: 805 daAuts
  Lair:2: 793 daAuts
